 Dungeon Crawl Stone Soup version 0.21.1-1-g345015f (webtiles) character file.

1474 suicidejoker the Skirmisher (level 8, -7/54 HPs)
             Began as a Gargoyle Fighter on Mar 28, 2018.
             Splashed by Pikel's acid (11 damage)
             ... on level 6 of the Dungeon.
             The game lasted 00:12:03 (4839 turns).

suicidejoker the Skirmisher (Gargoyle Fighter)      Turns: 4839, Time: 00:12:05

Health: -7/54      AC: 11    Str: 19      XL:     8   Next: 78%
Magic:  17/17      EV:  7    Int:  8 (10) God:
Gold:   275        SH: 10    Dex:  9 (11) Spells: 7/7 levels left

rFire    . . .     SeeInvis .   a - +3 long sword
rCold    + . .     Gourm    .   t - +0 shield
rNeg     + . .     Faith    .   B - +0 scale mail
rPois    ∞         Spirit   .   (no helmet)
rElec    +         Reflect  .   e - +0 cloak
rCorr    .         Harm     .   (no gloves)
MR       .....                  y - +0 pair of boots
Stlth    ..........             z - amulet of regeneration
HPRegen  0.58/turn              c - ring of protection from cold
MPRegen  0.15/turn              x - ring of magical power

@: corroded
A: negative energy resistance 1, electricity resistance, unbreathing,
petrification resistance, rot immunity, AC +5
a: no special abilities


You were on level 6 of the Dungeon.
You were not hungry.

You visited 2 branches of the dungeon, and saw 7 of its levels.

You collected 275 gold pieces.

Inventory:

Hand Weapons
 a - a +3 long sword (weapon)
 b - a +0 shortbow
 k - a +3 dagger
 o - a +0 dagger of holy wrath
 q - a +0 spear of venom
Missiles
 C - 39 arrows
Armour
 e - a +0 cloak (worn)
 t - a +0 shield (worn)
 y - a +0 pair of boots (worn)
 B - a +0 scale mail (worn)
Jewellery
 c - a ring of protection from cold (left hand)
 x - a ring of magical power (right hand)
 z - an amulet of regeneration (around neck)
Wands
 u - a wand of flame (34)
Scrolls
 i - 5 scrolls of identify {unknown}
 j - a scroll of remove curse
 l - a scroll of enchant armour {unknown}
 m - 2 scrolls of amnesia {unknown}
 s - a scroll of torment {unknown}
 v - 2 scrolls of random uselessness {unknown}
 w - a scroll of fear {unknown}
 A - a scroll of fog {unknown}
 D - a scroll of magic mapping {unknown}
Potions
 d - a potion of brilliance
 p - a potion of cancellation
Books
 n - a book of Cantrips

   Spells                             Type                      Level
   a - Confusing Touch                Hexes                        1
   b - Animate Skeleton               Necromancy                   1
   c - Summon Small Mammal            Summoning                    1
   d - Apportation                    Translocation                1
 r - a book of Geomancy

   Spells                             Type                      Level
   a - Sandblast                      Earth                        1
   b - Passwall                       Transmutation/Earth          2
   c - Stone Arrow                    Conjuration/Earth            3
   d - Petrify                        Transmutation/Earth          4
   e - Lee's Rapid Deconstruction     Earth                        5
Comestibles
 f - 7 rations


   Skills:
 * Level 7.9 Fighting
 + Level 4.5 Long Blades
 + Level 1.8 Bows
 + Level 5.9 Armour
 + Level 6.0 Shields


You had 7 spell levels left.
You didn't know any spells.

Dungeon Overview and Level Annotations

Branches:
Dungeon (6/15)             Temple (1/1) D:6

Altars:
Ashenzari
Cheibriados
Dithmenos
Elyvilon
Fedhas
Hepliaklqana
Nemelex Xobeh
Okawaru
Qazlal
Ru
Sif Muna
Trog
Uskayaw
Vehumet
Xom
Zin

Shops:
D:4 %

Annotations:
D:6 Pikel


Innate Abilities, Weirdness & Mutations

You are resistant to torment.
Your stone body is resilient. (AC +5)
You are immune to poison.
You resist negative energy. (rN+)
You are resistant to electric shocks. (rElec)
You can survive without breathing.
You are immune to petrification.
You are immune to rotting.


Message History

Pikel is lightly wounded.
You hear a shout!
Pikel zaps a wand.
The bolt of acid hits you!
* * * LOW HITPOINT WARNING * * *
You are splashed with acid!
The acid burns!
* * * LOW HITPOINT WARNING * * *
The slave moves out of view.
You feel better. You block Pikel's attack.
As you read the scroll labeled ROWOOF MABEID, it crumbles to dust.
You feel as if something is helping you.
It was a scroll of remove curse.
Pikel zaps a wand.
The bolt of acid misses you.
Okay, then.
You hit Pikel.
Pikel is moderately wounded.
Pikel waves his whip at you.
Pikel zaps a wand.
The bolt of acid hits you!
* * * LOW HITPOINT WARNING * * *
You are splashed with acid!
The acid burns!
You die...

##.#.###.# #.#
#.###....# #.#
##.#.##### #.# ##.##
#.# # #.# #.# #.#.#
#.# ##.#.####### #.#
#..........#
#..#@#####.# #..#K#
##†#### ###.
#p####.....##.#
.....#p#..§≈≈...##.#
..(.....p.≈≈§≈≈..##.#
.....##.#§≈§≈§≈§.##.#
.##. #.#≈§≈K§§≈.##.#
# #.#≈≈≈§≈≈≈..#.####
#.#.≈≈§≈≈.#.#.#...


You could see Pikel and 3 slaves.

Vanquished Creatures
  2 sky beasts (D:6)
  A phantom (D:5)
  An ogre (D:5)
  A centaur (D:5)
  2 bullfrogs (D:6)
  3 scorpions
  A howler monkey (D:4)
  A crimson imp (D:2)
  A jelly (D:6)
  4 orc wizards
  Crazy Yiuf (D:2)
  An orc priest (D:5)
  A bullfrog skeleton (D:4)
  2 centaur skeletons (D:4)
  2 worker ants (D:4)
  A killer bee zombie (D:6)
  A hound skeleton (D:4)
  8 adders
  7 gnolls
  3 shadow imps (D:5)
  An adder zombie (D:6)
  4 worms
  A dart slug (D:1)
  7 leopard geckos
  21 orcs
  6 bats
  A giant cockroach (D:3)
  12 goblins
  10 hobgoblins
  9 jackals (D:1)
  5 kobolds
  A quokka (D:5)
  A ball python (D:6)
  3 frilled lizards
  8 rats
134 creatures vanquished.

Vanquished Creatures (others)
  A dart slug (D:2)
1 creature vanquished.

Grand Total: 135 creatures vanquished

Notes
Turn   | Place    | Note
-------+----------+-------------------------------------------
     0 | D:1      | suicidejoker the Gargoyle Fighter began the quest for the Orb.
     0 | D:1      | Reached XP level 1. HP: 14/14 MP: 1/1
    51 | D:1      | Reached XP level 2. HP: 19/19 MP: 2/2
   186 | D:1      | Reached XP level 3. HP: 22/24 MP: 3/3
   574 | D:1      | Reached skill level 4 in Fighting
   781 | D:2      | Found a sparkling altar of Nemelex Xobeh.
   786 | D:2      | Noticed an angel
   787 | D:2      | Found a shimmering altar of Xom.
   787 | D:2      | Found a glowing silver altar of Zin.
   827 | D:2      | Reached XP level 4. HP: 17/29 MP: 4/4
  1134 | D:2      | Found a radiant altar of Vehumet.
  1140 | D:2      | Found a snail-covered altar of Cheibriados.
  1141 | D:2      | Found a shattered altar of Ashenzari.
  1141 | D:2      | Found a sacrificial altar of Ru.
  1148 | D:2      | Reached XP level 5. HP: 34/34 MP: 5/5
  1337 | D:2      | Found a runed door.
  1341 | D:2      | Noticed Crazy Yiuf
  1510 | D:2      | Paralysed by Crazy Yiuf for 7 turns
  1521 | D:2      | Killed Crazy Yiuf
  1748 | D:3      | Reached skill level 5 in Fighting
  1996 | D:3      | Reached XP level 6. HP: 40/40 MP: 6/6
  2348 | D:4      | Found Zusy's Food Boutique.
  2680 | D:4      | Reached XP level 7. HP: 35/45 MP: 7/7
  2891 | D:4      | Reached skill level 6 in Fighting
  3133 | D:5      | Entered Level 5 of the Dungeon
  3218 | D:5      | Reached skill level 5 in Armour
  3218 | D:5      | Reached skill level 5 in Shields
  3467 | D:5      | Reached XP level 8. HP: 17/52 MP: 8/8
  3958 | D:5      | Reached skill level 7 in Fighting
  4487 | D:6      | Reached skill level 1 in Bows
  4684 | D:6      | Found a staircase to the Ecumenical Temple.
  4712 | D:6      | Noticed Pikel
  4712 | Temple   | Entered the Ecumenical Temple
  4839 | D:6      | Splashed by Pikel's acid

Skill      XL: |  1  2  3  4  5  6  7  8 |
---------------+-------------------------+-----
Long Blades    | 2 3 4 |  4.5
Fighting       | 4 5 6 7 |  7.9
Shields        | 4 5 6 |  6.0
Armour         | 4 5 |  5.9
Bows           | 1 |  1.8

Action                   |  1- 3 |  4- 6 |  7- 9 || total
-------------------------+-------+-------+-------++-------
Melee: Long sword        |   154 |   211 |   325 ||   690
  Use: Potion            |       |     5 |     5 ||    10
       Scroll            |       |       |     4 ||     4
  Eat: Chunk             |       |     7 |     4 ||    11
       Ration            |       |       |     1 ||     1
Armor: Scale mail        |   109 |   127 |   178 ||   414
Dodge: Dodged            |    71 |    42 |    96 ||   209
Block: Shield            |   117 |   110 |   164 ||   391
       Rpst.: Long sword |    29 |    18 |    28 ||    75
